General information
			
			
        
        - name: BNet
 
        - type: Ladder team game (AT/RT)
 
        - host: Battle.net
 
        - saver: DOGSANDHORSE.RU
 
        
map: Slalom 
        - players: 8
 
        - length: 60:58
 
        - speed: Fast
 - version: 1.22 W3XP
 - replay type:  

 
» download(672 KB)
Players
        team 1 (loser) 
              
              
Mizar (
orange | 92 APM | 5590 actions | 60:56)
              
 5 Blademaster 
 3 Wind Walk
 2 Critical Strike
 
                » actions 
                
                | Assign group hotkey | 15 |  | 
| Basic commands | 25 |  | 
| Build / train | 80 |  | 
| ESC pressed | 2 |  | 
| Enter build submenu | 17 |  | 
| Enter hero's abilities submenu | 5 |  | 
| Right click | 3186 |  | 
| Select / deselect | 584 |  | 
| Select group hotkey | 1147 |  | 
| Use ability | 529 |  | 
                5590 total
 » units 
                
                | Peon | 12 |  | 
| Shaman | 7 |  | 
| Troll Witch Doctor | 11 |  | 
| Tauren | 4 |  | 
| Chimaera | 2 |  | 
| Hippogryph | 2 |  | 
                38 total
 » upgrades
                
                | Shaman Training | 2 |  | 
| Witch Doctor Training | 2 |  | 
| Armor | 2 |  | 
| Melee Weapons | 1 |  | 
| Reinforced Defenses | 1 |  | 
| Pulverize | 1 |  | 
                9 total
 » buildings
                
                | Altar of Storms | 1 |  | 
| Orc Burrow | 5 |  | 
| Voodoo Lounge | 2 |  | 
| Stronghold | 1 |  | 
| War Mill | 1 |  | 
| Spirit Lodge | 2 |  | 
| Fortress | 1 |  | 
| Watch Tower | 2 |  | 
| Tauren Totem | 1 |  | 
| Beastiary | 1 |  | 
                17 total
 » build order
                00:22 Altar of Storms
00:29 Orc Burrow
01:20 Voodoo Lounge
02:23 Stronghold
04:04 War Mill
04:08 Orc Burrow
04:50 Spirit Lodge
04:52 Spirit Lodge
04:54 Fortress
06:01 Orc Burrow
06:03 Watch Tower
06:18 Voodoo Lounge
07:35 Watch Tower
07:39 Tauren Totem
07:43 Orc Burrow
13:18 Orc Burrow
17:37 Beastiary
» items
                
                | Lesser Clarity Potion | 9 |  | 
| Scroll of Speed | 4 |  | 
| Healing Salve | 4 |  | 
| Potion of Healing | 2 |  | 
| Scroll of Town Portal | 1 |  | 
| Potion of Mana | 1 |  | 
| Orb of Lightning | 1 |  | 
| Tiny Great Hall | 3 |  | 
                25 total
  
               
              
              
SparkOne (
pink | 75 APM | 2522 actions | 33:45)
              
 4 Pandaren Brewmaster 
 2 Breath of Fire
 2 Drunken Haze
 
                » actions 
                
                | Assign group hotkey | 31 |  | 
| Basic commands | 167 |  | 
| Build / train | 89 |  | 
| Enter build submenu | 24 |  | 
| Enter hero's abilities submenu | 4 |  | 
| Give item / drop item | 1 |  | 
| Remove unit from queue | 5 |  | 
| Right click | 1522 |  | 
| Select / deselect | 433 |  | 
| Select group hotkey | 182 |  | 
| Use ability | 64 |  | 
                2522 total
 » units 
                
                | Wisp | 24 |  | 
| Huntress | 11 |  | 
| Chimaera | 10 |  | 
| Hippogryph | 1 |  | 
                46 total
 » upgrades
                
                | Reinforced Hides | 3 |  | 
| Nature's Blessing | 1 |  | 
| Corrosive Breath | 1 |  | 
| Strength of the Wild | 3 |  | 
                8 total
 » buildings
                
                | Moon Well | 6 |  | 
| Altar of Elders | 1 |  | 
| Ancient of War | 5 |  | 
| Hunter's Hall | 1 |  | 
| Tree of Ages | 6 |  | 
| Tree of Eternity | 2 |  | 
| Ancient of Wind | 2 |  | 
| Ancient of Wonders | 2 |  | 
| Chimaera Roost | 3 |  | 
| Tree of Life | 1 |  | 
                29 total
 » build order
                00:22 Moon Well
00:40 Altar of Elders
01:47 Ancient of War
01:50 Hunter's Hall
02:02 Moon Well
02:48 Ancient of War
02:52 Moon Well
03:51 Tree of Ages
03:51 Tree of Ages
03:52 Tree of Ages
05:09 Moon Well
06:23 Tree of Eternity
06:23 Tree of Eternity
06:26 Ancient of Wind
07:04 Ancient of Wonders
08:47 Chimaera Roost
08:49 Chimaera Roost
08:52 Chimaera Roost
09:55 Tree of Life
11:50 Moon Well
11:58 Moon Well
14:00 Ancient of Wind
20:02 Ancient of Wonders
22:34 Tree of Ages
22:35 Tree of Ages
24:05 Ancient of War
24:07 Ancient of War
24:10 Ancient of War
» items
                
                | Orb of Venom | 1 |  | 
| Staff of Preservation | 1 |  | 
| Anti-magic Potion | 1 |  | 
| Potion of Healing | 1 |  | 
| Potion of Mana | 1 |  | 
| Scroll of Town Portal | 1 |  | 
                6 total
  
               
              
              
tDk[lol] (
purple | 165 APM | 9144 actions | 55:34)
              
 6 Death Knight 
 3 Death Coil
 2 Unholy Aura
 1 Animate Dead
 5 Lich 
 3 Frost Nova
 2 Dark Ritual
 4 Dreadlord 
 2 Sleep
 2 Vampiric Aura
 
                » actions 
                
                | Assign group hotkey | 126 |  | 
| Basic commands | 942 |  | 
| Build / train | 124 |  | 
| ESC pressed | 1 |  | 
| Enter build submenu | 34 |  | 
| Enter hero's abilities submenu | 16 |  | 
| Give item / drop item | 2 |  | 
| Remove unit from queue | 3 |  | 
| Right click | 3219 |  | 
| Select / deselect | 1153 |  | 
| Select group hotkey | 3119 |  | 
| Use ability | 403 |  | 
                9144 total
 » units 
                
                | Acolyte | 14 |  | 
| Ghoul | 10 |  | 
| Gargoyle | 3 |  | 
| Frost Wyrm | 13 |  | 
| Obsidian Statue | 5 |  | 
                45 total
 » upgrades
                
                | Freezing Breath | 1 |  | 
| Creature Attack | 3 |  | 
| Creature Carapace | 3 |  | 
| Destroyer Form | 1 |  | 
                8 total
 » buildings
                
                | Graveyard | 1 |  | 
| Crypt | 2 |  | 
| Ziggurat | 12 |  | 
| Altar of Darkness | 1 |  | 
| Tomb of Relics | 2 |  | 
| Halls of the Dead | 2 |  | 
| Spirit Tower | 11 |  | 
| Necropolis | 1 |  | 
| Sacrificial Pit | 1 |  | 
| Black Citadel | 3 |  | 
| Boneyard | 4 |  | 
| Slaughterhouse | 1 |  | 
| Ancient of War | 2 |  | 
                43 total
 » build order
                00:14 Graveyard
00:20 Crypt
00:37 Ziggurat
00:56 Altar of Darkness
01:18 Tomb of Relics
01:56 Ziggurat
05:30 Ziggurat
06:05 Ziggurat
06:17 Halls of the Dead
06:18 Halls of the Dead
06:29 Crypt
06:30 Spirit Tower
06:51 Ziggurat
06:55 Spirit Tower
07:01 Spirit Tower
07:38 Necropolis
07:41 Ziggurat
08:42 Spirit Tower
08:42 Spirit Tower
08:50 Sacrificial Pit
09:08 Black Citadel
09:08 Black Citadel
11:09 Ziggurat
11:09 Ziggurat
11:37 Boneyard
11:37 Boneyard
12:01 Tomb of Relics
12:03 Spirit Tower
12:05 Ziggurat
12:05 Ziggurat
12:37 Boneyard
12:40 Ziggurat
13:16 Spirit Tower
13:17 Ziggurat
15:20 Slaughterhouse
15:26 Spirit Tower
30:05 Boneyard
54:48 Ancient of War
54:49 Ancient of War
» items
                
                | Rod of Necromancy | 9 |  | 
| Sacrificial Skull | 3 |  | 
| Dust of Appearance | 4 |  | 
| Orb of Corruption | 2 |  | 
| Scroll of Healing | 3 |  | 
| Potion of Mana | 1 |  | 
| Potion of Healing | 1 |  | 
                23 total
  
               
              
              
The_Dark_Flame (
yellow | 83 APM | 5069 actions | 60:54)
              
 6 Blademaster 
 3 Wind Walk
 2 Critical Strike
 1 Bladestorm
 1 Pandaren Brewmaster 
 1 Breath of Fire
 1 Death Knight 
 1 Unholy Aura
 
                » actions 
                
                | Assign group hotkey | 55 |  | 
| Basic commands | 96 |  | 
| Build / train | 72 |  | 
| Enter build submenu | 15 |  | 
| Enter hero's abilities submenu | 8 |  | 
| Give item / drop item | 5 |  | 
| Remove unit from queue | 1 |  | 
| Right click | 2571 |  | 
| Select / deselect | 951 |  | 
| Select group hotkey | 939 |  | 
| Use ability | 356 |  | 
                5069 total
 » units 
                
                | Peon | 7 |  | 
| Troll Batrider | 11 |  | 
| Raider | 4 |  | 
| Demolisher | 4 |  | 
| Chimaera | 2 |  | 
                28 total
 » upgrades
                
                | Liquid Fire | 1 |  | 
| Ranged Weapons | 2 |  | 
| Ensnare | 1 |  | 
| Burning Oil | 1 |  | 
| Ultravision | 1 |  | 
                6 total
 » buildings
                
                | Altar of Storms | 1 |  | 
| Orc Burrow | 5 |  | 
| Voodoo Lounge | 1 |  | 
| Stronghold | 1 |  | 
| War Mill | 1 |  | 
| Beastiary | 2 |  | 
| Fortress | 1 |  | 
| Barracks | 2 |  | 
                14 total
 » build order
                00:04 Altar of Storms
00:15 Orc Burrow
00:50 Voodoo Lounge
02:09 Stronghold
03:17 War Mill
03:48 Orc Burrow
04:32 Beastiary
04:34 Beastiary
04:35 Fortress
05:09 Orc Burrow
09:59 Orc Burrow
13:32 Barracks
13:35 Barracks
20:30 Orc Burrow
» items
                
                | Healing Salve | 5 |  | 
| Lesser Clarity Potion | 10 |  | 
| Scroll of Speed | 4 |  | 
| Circlet of Nobility | 2 |  | 
| Staff of Teleportation | 1 |  | 
| Potion of Lesser Invulnerability | 1 |  | 
| Scroll of Town Portal | 2 |  | 
| Orb of Lightning | 1 |  | 
                26 total
  
               team 2 (winner) 
              
              
bLinn (
green | 127 APM | 7735 actions | 60:57)
              
 5 Mountain King 
 3 Storm Bolt
 2 Bash
 5 Paladin 
 3 Holy Light
 2 Divine Shield
 
                » actions 
                
                | Assign group hotkey | 336 |  | 
| Basic commands | 21 |  | 
| Build / train | 205 |  | 
| ESC pressed | 7 |  | 
| Enter build submenu | 109 |  | 
| Enter hero's abilities submenu | 10 |  | 
| Give item / drop item | 10 |  | 
| Remove unit from queue | 4 |  | 
| Right click | 4940 |  | 
| Select / deselect | 913 |  | 
| Select group hotkey | 693 |  | 
| Use ability | 487 |  | 
                7735 total
 » units 
                
                | Peasant | 19 |  | 
| Frost Revenant | 1 |  | 
| Nerubian Webspinner | 1 |  | 
| Nerubian Warrior | 1 |  | 
| Siege Engine | 2 |  | 
| Flying Machine | 18 |  | 
| Mortar Team | 3 |  | 
                45 total
 » upgrades
                
                | Masonry | 3 |  | 
| Lumber Harvesting | 2 |  | 
| Magic Sentry | 1 |  | 
| Gunpowder | 3 |  | 
| Plating | 3 |  | 
| Barrage | 1 |  | 
| Flak Cannons | 1 |  | 
| Flying Machine Bombs | 1 |  | 
| Fragmentation Shards | 1 |  | 
| Flare | 1 |  | 
                17 total
 » buildings
                
                | Lumber Mill | 2 |  | 
| Scout Tower | 158 |  | 
| Farm | 6 |  | 
| Altar of Kings | 1 |  | 
| Guard Tower | 85 |  | 
| Arcane Tower | 9 |  | 
| Keep | 3 |  | 
| Town Hall | 1 |  | 
| Castle | 5 |  | 
| Arcane Sanctum | 1 |  | 
| Blacksmith | 1 |  | 
| Arcane Vault | 1 |  | 
| Workshop | 2 |  | 
                275 total
 » build order
                00:14 Lumber Mill
00:15 Lumber Mill
01:17 Scout Tower
01:22 Scout Tower
01:24 Scout Tower
01:42 Scout Tower
01:45 Scout Tower
01:51 Farm
01:55 Altar of Kings
01:59 Guard Tower
02:00 Guard Tower
02:05 Scout Tower
02:17 Scout Tower
02:28 Arcane Tower
02:28 Arcane Tower
02:29 Arcane Tower
02:29 Arcane Tower
02:30 Guard Tower
02:31 Guard Tower
02:31 Guard Tower
02:56 Guard Tower
03:00 Farm
03:12 Guard Tower
03:12 Guard Tower
03:30 Farm
03:39 Scout Tower
03:41 Scout Tower
03:44 Scout Tower
04:11 Farm
04:19 Guard Tower
04:20 Guard Tower
04:20 Guard Tower
04:34 Scout Tower
04:35 Scout Tower
04:36 Scout Tower
04:46 Keep
04:46 Keep
04:54 Scout Tower
05:17 Scout Tower
05:17 Scout Tower
05:25 Guard Tower
05:26 Guard Tower
05:29 Guard Tower
05:29 Guard Tower
05:31 Scout Tower
06:03 Guard Tower
06:07 Scout Tower
06:08 Scout Tower
06:08 Scout Tower
06:28 Scout Tower
06:41 Guard Tower
06:41 Guard Tower
06:43 Scout Tower
06:54 Guard Tower
06:55 Scout Tower
07:03 Scout Tower
07:04 Guard Tower
07:04 Guard Tower
07:22 Guard Tower
07:22 Guard Tower
07:29 Town Hall
07:30 Scout Tower
07:33 Guard Tower
07:35 Scout Tower
07:42 Castle
07:42 Castle
08:15 Guard Tower
08:24 Scout Tower
08:25 Scout Tower
08:30 Scout Tower
09:08 Arcane Sanctum
09:11 Scout Tower
09:12 Scout Tower
09:13 Scout Tower
09:14 Scout Tower
09:16 Scout Tower
09:27 Scout Tower
09:28 Scout Tower
09:29 Arcane Tower
09:30 Arcane Tower
09:30 Arcane Tower
09:51 Castle
09:52 Castle
10:30 Guard Tower
10:31 Guard Tower
10:31 Guard Tower
10:53 Guard Tower
10:54 Guard Tower
10:56 Scout Tower
10:56 Scout Tower
10:58 Scout Tower
10:59 Scout Tower
11:23 Guard Tower
11:25 Blacksmith
11:48 Guard Tower
11:48 Guard Tower
11:50 Guard Tower
11:53 Scout Tower
11:54 Scout Tower
11:55 Scout Tower
11:55 Scout Tower
11:56 Guard Tower
11:56 Guard Tower
11:57 Guard Tower
11:57 Guard Tower
12:58 Guard Tower
13:00 Arcane Vault
13:02 Scout Tower
13:03 Scout Tower
13:04 Scout Tower
13:36 Guard Tower
13:41 Scout Tower
13:42 Scout Tower
13:43 Scout Tower
14:24 Farm
14:25 Farm
14:30 Guard Tower
14:30 Guard Tower
14:32 Scout Tower
14:33 Scout Tower
15:49 Workshop
15:50 Workshop
15:53 Guard Tower
15:53 Guard Tower
16:09 Scout Tower
16:10 Scout Tower
16:12 Scout Tower
16:13 Scout Tower
18:21 Guard Tower
18:22 Guard Tower
18:24 Scout Tower
18:25 Scout Tower
18:26 Scout Tower
18:29 Scout Tower
18:29 Scout Tower
18:30 Scout Tower
18:31 Scout Tower
18:32 Scout Tower
18:32 Scout Tower
20:41 Guard Tower
20:43 Guard Tower
20:47 Scout Tower
20:48 Scout Tower
20:49 Scout Tower
20:49 Scout Tower
20:50 Scout Tower
20:51 Scout Tower
21:00 Scout Tower
21:01 Scout Tower
21:02 Scout Tower
21:02 Scout Tower
21:04 Scout Tower
22:15 Guard Tower
22:15 Guard Tower
22:47 Scout Tower
22:48 Scout Tower
22:49 Scout Tower
22:49 Scout Tower
22:50 Scout Tower
22:51 Scout Tower
22:56 Scout Tower
22:57 Scout Tower
22:58 Scout Tower
22:58 Scout Tower
23:00 Scout Tower
23:00 Scout Tower
23:02 Scout Tower
23:06 Scout Tower
23:08 Guard Tower
23:09 Guard Tower
25:02 Guard Tower
25:02 Guard Tower
25:05 Guard Tower
25:56 Scout Tower
25:57 Scout Tower
25:59 Scout Tower
26:01 Scout Tower
26:02 Scout Tower
26:03 Scout Tower
26:04 Scout Tower
26:04 Scout Tower
26:05 Scout Tower
26:07 Scout Tower
26:07 Scout Tower
26:08 Scout Tower
26:09 Scout Tower
26:09 Scout Tower
26:10 Scout Tower
26:11 Scout Tower
28:08 Guard Tower
28:09 Guard Tower
28:09 Guard Tower
28:11 Guard Tower
28:11 Guard Tower
28:16 Scout Tower
28:16 Scout Tower
28:17 Scout Tower
28:19 Scout Tower
28:21 Scout Tower
28:22 Scout Tower
28:23 Scout Tower
28:24 Scout Tower
28:26 Scout Tower
28:27 Scout Tower
28:28 Scout Tower
28:29 Scout Tower
29:27 Guard Tower
32:20 Guard Tower
32:23 Scout Tower
32:24 Scout Tower
32:25 Scout Tower
32:25 Scout Tower
32:27 Scout Tower
32:28 Scout Tower
32:29 Scout Tower
32:29 Scout Tower
32:31 Scout Tower
32:32 Scout Tower
32:32 Scout Tower
32:34 Scout Tower
32:36 Scout Tower
32:37 Scout Tower
32:38 Scout Tower
32:39 Scout Tower
33:18 Guard Tower
33:53 Scout Tower
33:54 Scout Tower
33:55 Scout Tower
33:55 Scout Tower
33:57 Scout Tower
33:58 Scout Tower
33:58 Scout Tower
33:59 Scout Tower
34:00 Scout Tower
34:01 Scout Tower
34:01 Scout Tower
34:02 Scout Tower
34:03 Scout Tower
34:04 Scout Tower
34:05 Scout Tower
34:06 Scout Tower
34:07 Scout Tower
36:02 Guard Tower
36:15 Guard Tower
37:04 Scout Tower
37:05 Scout Tower
37:06 Scout Tower
37:07 Scout Tower
37:07 Scout Tower
37:08 Scout Tower
37:09 Scout Tower
37:13 Guard Tower
37:13 Guard Tower
39:11 Guard Tower
41:29 Arcane Tower
» items
                
                | Healing Salve | 2 |  | 
| Boots of Speed | 1 |  | 
| Potion of Lesser Invulnerability | 1 |  | 
| Orb of Lightning | 2 |  | 
| Staff of Sanctuary | 1 |  | 
                7 total
  
               
              
              
DOGSANDHORSE.RU (
red | 104 APM | 6347 actions | 60:58)
              
 3 Archmage 
 2 Blizzard
 1 Brilliance Aura
 6 Pandaren Brewmaster 
 3 Breath of Fire
 2 Drunken Brawler
 1 Drunken Haze
 
                » actions 
                
                | Assign group hotkey | 8 |  | 
| Basic commands | 17 |  | 
| Build / train | 170 |  | 
| Enter build submenu | 105 |  | 
| Enter hero's abilities submenu | 9 |  | 
| Give item / drop item | 12 |  | 
| Remove unit from queue | 3 |  | 
| Right click | 4416 |  | 
| Select / deselect | 699 |  | 
| Select group hotkey | 420 |  | 
| Use ability | 488 |  | 
                6347 total
 » units 
                
                | Peasant | 21 |  | 
| Priest | 2 |  | 
| Sorceress | 1 |  | 
| Dragonhawk Rider | 5 |  | 
                29 total
 » upgrades
                
                | Masonry | 3 |  | 
| Magic Sentry | 1 |  | 
| Lumber Harvesting | 1 |  | 
| Sorceress Training | 1 |  | 
| Priest Training | 1 |  | 
| Animal War Training | 1 |  | 
| Cloud | 1 |  | 
| Swords | 3 |  | 
| Armor | 3 |  | 
                15 total
 » buildings
                
                | Lumber Mill | 1 |  | 
| Farm | 8 |  | 
| Scout Tower | 129 |  | 
| Altar of Kings | 2 |  | 
| Arcane Tower | 8 |  | 
| Guard Tower | 58 |  | 
| Keep | 2 |  | 
| Arcane Sanctum | 1 |  | 
| Town Hall | 2 |  | 
| Arcane Vault | 1 |  | 
| Castle | 1 |  | 
| Blacksmith | 1 |  | 
| Barracks | 1 |  | 
| Gryphon Aviary | 3 |  | 
                218 total
 » build order
                00:36 Lumber Mill
00:50 Farm
01:26 Scout Tower
01:27 Scout Tower
01:31 Scout Tower
01:39 Farm
01:51 Altar of Kings
02:00 Arcane Tower
02:00 Arcane Tower
02:13 Guard Tower
02:13 Guard Tower
02:13 Guard Tower
02:13 Guard Tower
02:20 Scout Tower
02:21 Scout Tower
02:23 Scout Tower
02:50 Guard Tower
02:50 Guard Tower
02:58 Guard Tower
03:51 Scout Tower
04:20 Scout Tower
04:21 Scout Tower
04:21 Scout Tower
04:22 Scout Tower
04:29 Scout Tower
05:28 Guard Tower
05:30 Scout Tower
05:31 Scout Tower
05:32 Scout Tower
05:33 Scout Tower
05:37 Scout Tower
05:46 Scout Tower
06:01 Guard Tower
06:02 Scout Tower
06:03 Guard Tower
06:05 Scout Tower
06:08 Arcane Tower
06:28 Guard Tower
06:36 Arcane Tower
06:39 Scout Tower
06:43 Scout Tower
06:50 Arcane Tower
06:52 Scout Tower
06:53 Scout Tower
06:54 Scout Tower
07:10 Guard Tower
07:11 Guard Tower
07:15 Guard Tower
07:25 Guard Tower
08:45 Guard Tower
08:46 Scout Tower
08:48 Scout Tower
08:50 Keep
08:50 Keep
08:58 Scout Tower
08:59 Scout Tower
09:00 Scout Tower
09:01 Scout Tower
09:02 Scout Tower
09:04 Scout Tower
09:11 Farm
09:15 Farm
09:17 Guard Tower
09:33 Guard Tower
09:48 Guard Tower
09:51 Scout Tower
09:55 Guard Tower
09:56 Guard Tower
09:59 Scout Tower
10:02 Scout Tower
10:03 Scout Tower
10:23 Guard Tower
10:35 Guard Tower
10:38 Scout Tower
10:39 Scout Tower
10:40 Scout Tower
10:41 Scout Tower
10:43 Scout Tower
10:45 Scout Tower
10:46 Scout Tower
10:47 Scout Tower
11:18 Guard Tower
11:22 Arcane Sanctum
11:33 Altar of Kings
13:28 Guard Tower
13:34 Scout Tower
13:59 Guard Tower
14:40 Scout Tower
14:41 Scout Tower
14:41 Scout Tower
14:45 Town Hall
14:48 Scout Tower
15:22 Scout Tower
15:22 Arcane Tower
15:22 Arcane Tower
15:24 Scout Tower
15:25 Scout Tower
15:26 Scout Tower
15:36 Scout Tower
15:37 Scout Tower
15:46 Guard Tower
16:07 Guard Tower
16:08 Guard Tower
16:54 Guard Tower
16:55 Scout Tower
16:59 Scout Tower
16:59 Scout Tower
17:00 Scout Tower
17:00 Scout Tower
17:01 Scout Tower
17:02 Scout Tower
17:30 Arcane Vault
18:21 Guard Tower
18:34 Scout Tower
18:36 Scout Tower
18:37 Scout Tower
19:12 Guard Tower
19:14 Scout Tower
19:15 Scout Tower
19:15 Scout Tower
19:33 Guard Tower
19:35 Scout Tower
19:36 Scout Tower
19:37 Scout Tower
19:49 Guard Tower
19:51 Scout Tower
19:52 Scout Tower
19:54 Guard Tower
19:58 Scout Tower
20:00 Scout Tower
20:01 Guard Tower
20:08 Guard Tower
20:10 Scout Tower
20:22 Scout Tower
20:23 Scout Tower
20:24 Scout Tower
20:25 Scout Tower
20:26 Scout Tower
20:29 Guard Tower
20:36 Guard Tower
20:40 Scout Tower
20:41 Scout Tower
20:41 Scout Tower
20:47 Scout Tower
21:08 Guard Tower
21:38 Guard Tower
21:40 Guard Tower
22:07 Scout Tower
22:08 Scout Tower
22:08 Scout Tower
22:09 Scout Tower
22:10 Scout Tower
22:10 Scout Tower
22:12 Scout Tower
22:12 Scout Tower
22:13 Scout Tower
22:14 Scout Tower
22:15 Scout Tower
22:15 Scout Tower
22:16 Scout Tower
22:16 Scout Tower
22:17 Guard Tower
22:38 Guard Tower
23:33 Guard Tower
23:54 Guard Tower
24:04 Scout Tower
24:04 Scout Tower
24:05 Scout Tower
24:58 Guard Tower
24:59 Scout Tower
25:00 Scout Tower
25:00 Scout Tower
25:01 Scout Tower
25:22 Scout Tower
25:36 Guard Tower
27:31 Scout Tower
27:32 Scout Tower
27:39 Scout Tower
28:53 Castle
30:12 Town Hall
30:27 Scout Tower
30:28 Scout Tower
30:28 Scout Tower
30:28 Scout Tower
31:57 Guard Tower
33:27 Scout Tower
33:27 Scout Tower
33:28 Scout Tower
33:29 Scout Tower
33:29 Scout Tower
33:30 Scout Tower
33:56 Guard Tower
34:27 Guard Tower
35:03 Guard Tower
36:59 Scout Tower
37:00 Scout Tower
37:01 Scout Tower
37:31 Guard Tower
37:43 Scout Tower
37:44 Scout Tower
37:45 Scout Tower
37:46 Scout Tower
37:49 Scout Tower
37:56 Guard Tower
38:32 Guard Tower
39:41 Guard Tower
46:24 Blacksmith
46:27 Barracks
46:30 Gryphon Aviary
48:50 Gryphon Aviary
48:50 Gryphon Aviary
49:57 Farm
49:58 Farm
49:59 Farm
50:00 Farm
» items
                
                | Healing Salve | 3 |  | 
| Lesser Clarity Potion | 22 |  | 
| Boots of Speed | 2 |  | 
| Staff of Teleportation | 3 |  | 
| Orb of Lightning | 2 |  | 
| Potion of Lesser Invulnerability | 3 |  | 
| Staff of Sanctuary | 2 |  | 
| Tome of Retraining | 1 |  | 
                38 total
  
               
              
              
JaEdOnG420 (
teal | 107 APM | 6532 actions | 60:57)
              
 6 Blademaster 
 3 Wind Walk
 2 Critical Strike
 1 Bladestorm
 4 Pandaren Brewmaster 
 2 Breath of Fire
 1 Drunken Brawler
 1 Drunken Haze
 
                » actions 
                
                | Assign group hotkey | 43 |  | 
| Basic commands | 56 |  | 
| Build / train | 119 |  | 
| ESC pressed | 7 |  | 
| Enter build submenu | 56 |  | 
| Enter hero's abilities submenu | 10 |  | 
| Give item / drop item | 4 |  | 
| Remove unit from queue | 1 |  | 
| Right click | 4219 |  | 
| Select / deselect | 433 |  | 
| Select group hotkey | 1048 |  | 
| Use ability | 536 |  | 
                6532 total
 » units 
                » upgrades
                
                | Reinforced Defenses | 1 |  | 
| Ranged Weapons | 3 |  | 
| Spiked Barricades | 1 |  | 
| Armor | 2 |  | 
| Liquid Fire | 1 |  | 
                8 total
 » buildings
                
                | Altar of Storms | 1 |  | 
| Orc Burrow | 9 |  | 
| Voodoo Lounge | 3 |  | 
| Stronghold | 1 |  | 
| War Mill | 1 |  | 
| Great Hall | 2 |  | 
| Watch Tower | 47 |  | 
| Beastiary | 4 |  | 
| Fortress | 2 |  | 
| Barracks | 1 |  | 
                71 total
 » build order
                00:07 Altar of Storms
00:33 Orc Burrow
01:47 Voodoo Lounge
02:43 Voodoo Lounge
02:46 Stronghold
04:27 War Mill
06:15 Great Hall
06:26 Watch Tower
06:44 Orc Burrow
06:53 Watch Tower
07:02 Orc Burrow
07:16 Watch Tower
07:34 Watch Tower
08:25 Beastiary
08:56 Watch Tower
08:57 Watch Tower
08:57 Watch Tower
08:58 Watch Tower
08:59 Watch Tower
08:59 Watch Tower
09:15 Beastiary
09:18 Orc Burrow
09:22 Watch Tower
09:35 Fortress
10:35 Orc Burrow
11:21 Voodoo Lounge
13:29 Watch Tower
13:29 Watch Tower
16:28 Watch Tower
16:29 Watch Tower
16:35 Watch Tower
16:35 Watch Tower
16:37 Watch Tower
20:20 Watch Tower
20:21 Watch Tower
20:21 Watch Tower
20:22 Watch Tower
20:23 Watch Tower
20:23 Watch Tower
20:24 Watch Tower
20:25 Watch Tower
24:36 Watch Tower
24:37 Watch Tower
24:37 Watch Tower
24:39 Watch Tower
25:43 Great Hall
28:28 Beastiary
28:28 Beastiary
29:36 Orc Burrow
29:40 Orc Burrow
30:36 Watch Tower
30:38 Watch Tower
30:40 Watch Tower
30:44 Watch Tower
30:46 Watch Tower
30:47 Watch Tower
34:05 Watch Tower
34:06 Watch Tower
35:26 Watch Tower
35:27 Watch Tower
35:28 Watch Tower
35:29 Watch Tower
35:30 Watch Tower
37:46 Watch Tower
37:50 Watch Tower
37:51 Watch Tower
40:42 Barracks
41:12 Watch Tower
45:31 Orc Burrow
45:31 Orc Burrow
» items
                
                | Lesser Clarity Potion | 2 |  | 
| Healing Salve | 3 |  | 
| Boots of Speed | 2 |  | 
| Staff of Teleportation | 2 |  | 
| Dust of Appearance | 1 |  | 
| Orb of Lightning | 2 |  | 
| Staff of Sanctuary | 1 |  | 
                13 total
  
               
              
              
WarioVermicelli (
blue | 91 APM | 5563 actions | 60:57)
              
 6 Keeper of the Grove 
 3 Entangling Roots
 2 Thorns Aura
 1 Tranquility
 5 Goblin Tinker 
 2 Pocket Factory
 3 Engineering Upgrade
 5 Naga Sea Witch 
 3 Frost Arrows
 2 Forked Lightning
 
                » actions 
                
                | Assign group hotkey | 5 |  | 
| Basic commands | 335 |  | 
| Build / train | 93 |  | 
| ESC pressed | 3 |  | 
| Enter build submenu | 15 |  | 
| Enter hero's abilities submenu | 17 |  | 
| Give item / drop item | 4 |  | 
| Right click | 3102 |  | 
| Select / deselect | 895 |  | 
| Select group hotkey | 791 |  | 
| Use ability | 299 |  | 
                5563 total
 » units 
                » upgrades
                
                | Ultravision | 1 |  | 
| Nature's Blessing | 1 |  | 
| Well Spring | 1 |  | 
| Strength of the Wild | 1 |  | 
| Reinforced Hides | 1 |  | 
                5 total
 » buildings
                
                | Altar of Elders | 4 |  | 
| Moon Well | 19 |  | 
| Ancient of Wonders | 1 |  | 
| Hunter's Hall | 1 |  | 
| Tree of Ages | 1 |  | 
| Tree of Life | 3 |  | 
| Tree of Eternity | 1 |  | 
                30 total
 » build order
                00:04 Altar of Elders
00:18 Moon Well
00:50 Moon Well
03:52 Altar of Elders
04:46 Ancient of Wonders
04:54 Hunter's Hall
06:18 Tree of Ages
06:41 Tree of Life
11:13 Tree of Eternity
11:37 Moon Well
11:48 Moon Well
11:49 Moon Well
11:50 Moon Well
11:51 Moon Well
11:53 Moon Well
12:01 Moon Well
12:04 Moon Well
12:05 Moon Well
12:13 Moon Well
12:14 Moon Well
12:15 Moon Well
12:17 Moon Well
12:43 Tree of Life
18:17 Tree of Life
18:50 Moon Well
18:51 Moon Well
18:52 Moon Well
18:53 Moon Well
19:45 Altar of Elders
52:15 Altar of Elders
» items
                
                | Boots of Speed | 3 |  | 
| Staff of Teleportation | 3 |  | 
| Scroll of Town Portal | 3 |  | 
| Periapt of Vitality | 2 |  | 
| Orb of Venom | 2 |  | 
| Anti-magic Potion | 1 |  | 
| Staff of Sanctuary | 1 |  | 
                15 total
  
                Chat log
          (00:34 / All) The_Dark_Flame: gl hf sirs
(00:37 / All) WarioVermicelli: Gl Hf
(00:46 / All) JaEdOnG420: gl hf sucks my dIck
(00:47 / All) JaEdOnG420: D
(00:47 / All) JaEdOnG420: DD
(00:52 / All) The_Dark_Flame: f u teal
(00:52 / All) JaEdOnG420: D
(00:52 / All) JaEdOnG420: D
(00:53 / All) JaEdOnG420: D
(00:57 / All) DOGSANDHORSE.RU: axcuse my Teamate
(00:59 / All) bLinn: HEY
(00:59 / All) WarioVermicelli: dont talk to jaedong like that
(01:00 / All) DOGSANDHORSE.RU: he high
(01:01 / All) tDk[lol]: wtf
(01:02 / All) JaEdOnG420: suck my jae DONG!
(01:04 / All) bLinn: that is legendary starcraft player Lee Jaedong
(01:57 / Allies) JaEdOnG420: jaeDONGSANDHORSE.RU
(08:42 / All) DOGSANDHORSE.RU: Aheh
(14:06 / All) tDk[lol]: ????
(14:15 / All) DOGSANDHORSE.RU: you ok noobs?
(14:18 / All) DOGSANDHORSE.RU: dont quit yet
(14:23 / All) tDk[lol]: wanna look my cock?
(14:24 / All) The_Dark_Flame: more towers plz
(16:23 / All) DOGSANDHORSE.RU: nice lich
(18:58 / All) DOGSANDHORSE.RU: good wyrm
(22:52 / All) DOGSANDHORSE.RU: good shade
(22:55 / All) DOGSANDHORSE.RU: good castro
(29:54 / All) DOGSANDHORSE.RU: good one
(29:56 / All) DOGSANDHORSE.RU: ragequit now purp
(30:59 / All) DOGSANDHORSE.RU: worth?
(32:51 / All) DOGSANDHORSE.RU: it a traep
(32:59 / All) DOGSANDHORSE.RU: siege please.
(33:17 / All) DOGSANDHORSE.RU: y'all need some gold?
(33:20 / All) DOGSANDHORSE.RU: i drop you some teeps
(33:45 / Allies) WarioVermicelli: -lamb of god
(33:47 / All) DOGSANDHORSE.RU: "fuckin asshole"  "muh bolt"
(34:05 / All) DOGSANDHORSE.RU: try bottom now?
(35:05 / All) DOGSANDHORSE.RU: a 1
(35:06 / All) DOGSANDHORSE.RU: a 2
(35:07 / All) DOGSANDHORSE.RU: & a 3
(35:20 / All) DOGSANDHORSE.RU: Where Your Wyrm
(35:25 / All) DOGSANDHORSE.RU: Where In da world is wormen sandiego
(35:28 / All) DOGSANDHORSE.RU: "oh tell me"
(35:51 / All) bLinn: peace... lol
(37:35 / All) DOGSANDHORSE.RU: i got 10k gold how you feele?
(37:49 / All) tDk[lol]: for next game?
(37:53 / All) WarioVermicelli: bow
(37:56 / All) WarioVermicelli: its a me
(38:00 / All) DOGSANDHORSE.RU: kiss my feete
(38:04 / All) DOGSANDHORSE.RU: leave my presence
(38:10 / All) tDk[lol]: ur mothers sucked 100000 dicks too
(38:19 / All) DOGSANDHORSE.RU: just 6
(41:35 / All) DOGSANDHORSE.RU: i like shadefactory
(41:53 / All) tDk[lol]: yeah
(41:56 / All) tDk[lol]: tomorrow
(41:58 / All) JaEdOnG420: time to bust in my 10k
(41:59 / All) DOGSANDHORSE.RU: i got 15k gold
(42:00 / All) JaEdOnG420: soz
(42:04 / All) DOGSANDHORSE.RU: thought u was dead
(42:05 / All) WarioVermicelli: i also have 15
(42:06 / All) WarioVermicelli: seriously
(42:07 / All) DOGSANDHORSE.RU: knew you was dead
(42:12 / All) DOGSANDHORSE.RU: made u was dead
(42:14 / All) WarioVermicelli: this is not a joke/troll you are going to lose and i hate
(42:15 / All) WarioVermicelli: you
(42:16 / All) JaEdOnG420: hey where U expo go.
(42:37 / All) DOGSANDHORSE.RU: nice
(42:40 / All) JaEdOnG420: you dumb retard
(42:40 / All) DOGSANDHORSE.RU: self expo kill
(42:41 / All) bLinn: hahaha
(42:44 / All) JaEdOnG420: why do you click a to attack
(42:45 / All) DOGSANDHORSE.RU: stop using aclick
(42:46 / All) JaEdOnG420: why not right click
(42:49 / All) DOGSANDHORSE.RU: rofl and hoffel
(42:51 / All) JaEdOnG420: do you not know how to play this game.
(43:01 / All) JaEdOnG420: you just killed you buddy expo
(43:04 / All) JaEdOnG420: how you feel about that
(43:17 / All) DOGSANDHORSE.RU: purp why did you get raise dead
(43:19 / All) DOGSANDHORSE.RU: we have no units
(43:26 / All) JaEdOnG420: damn youare bad
(43:28 / All) tDk[lol]: i can beat u in solo
(43:30 / All) tDk[lol]: noobs
(43:30 / All) JaEdOnG420: did you know this you stupid rube.
(43:31 / All) DOGSANDHORSE.RU: maybe worst team we ever played
(43:32 / All) WarioVermicelli: bow
(43:32 / All) DOGSANDHORSE.RU: wow
(43:33 / All) JaEdOnG420: 1v1?
(43:34 / All) WarioVermicelli: 1v1?
(43:35 / All) DOGSANDHORSE.RU: 1v1?
(43:39 / All) tDk[lol]: wanna?
(43:45 / All) JaEdOnG420: only level 28? thats sad
(43:47 / All) The_Dark_Flame: keave
(43:48 / All) The_Dark_Flame: leave
(43:50 / All) The_Dark_Flame: and he ll do it
(43:52 / All) DOGSANDHORSE.RU: nops osrry i got 16k
(43:53 / All) JaEdOnG420: lmao
(43:56 / All) WarioVermicelli: more like
(44:03 / All) WarioVermicelli: you lose and we come to your channel to bad manner you
(44:04 / All) JaEdOnG420: ok let me leave so i can 1v1 a 50% shitty undead
(46:18 / All) DOGSANDHORSE.RU: A Good Coile
(47:09 / All) DOGSANDHORSE.RU: Leave
(47:14 / All) The_Dark_Flame: lol
(47:16 / All) The_Dark_Flame: we're winning
(47:19 / All) WarioVermicelli: hahaha
(47:21 / All) DOGSANDHORSE.RU: hahahahahhahahah
(47:22 / All) WarioVermicelli: denial is rough but
(47:24 / All) bLinn: Hahahaha
(47:27 / All) WarioVermicelli: you need to accept the truth
(47:33 / All) WarioVermicelli: that'a wario vermicelli
(47:35 / All) DOGSANDHORSE.RU: thank for docts
(47:36 / All) JaEdOnG420: nice docs
(47:40 / All) bLinn: ty docs
(47:42 / All) DOGSANDHORSE.RU: those docs w2inning?
(47:44 / All) WarioVermicelli: eeeeh, whats up doc?
(47:50 / All) JaEdOnG420: LOL!
(47:53 / All) DOGSANDHORSE.RU: ehhhh whats up kigami?
(47:57 / All) DOGSANDHORSE.RU: nothing....in a grave.....
(50:18 / All) The_Dark_Flame: bnice
(50:20 / All) The_Dark_Flame: rlly nice
(50:46 / All) DOGSANDHORSE.RU: bnice"   - your destro shortly before dying to a stationary unit
(50:47 / All) WarioVermicelli: your units are irreplacable
(50:52 / All) WarioVermicelli: we can remake ours like 10000000 times
(50:53 / All) WarioVermicelli: bow?
(50:54 / All) The_Dark_Flame: my destro?
(50:54 / All) The_Dark_Flame: nice
(51:01 / All) WarioVermicelli: thats 5 food you will never see again
(51:05 / All) WarioVermicelli: because you are bad
(51:14 / All) tDk[lol]: lol
(52:41 / All) JaEdOnG420: "we're winning" -yellow, 15 seconds ago
(52:42 / All) WarioVermicelli: whats that, 390?
(55:06 / All) WarioVermicelli: NOW TESTIFY
(55:09 / All) WarioVermicelli: YOU FOUND YOUR WITNESS
(55:12 / All) WarioVermicelli: AND ITS RIGHT OUTSIDE YOUR DOOR
(55:19 / All) DOGSANDHORSE.RU: "the end justify the means"  - your tombstone
(55:33 / All) bLinn: "extra cheese" - my tombstone
(55:42 / All) bLinn: gg nerds, quit..
(55:47 / All) WarioVermicelli: "We're Winning"
(55:51 / All) JaEdOnG420: i guess it just comes down to better unit control....
(56:04 / All) WarioVermicelli: better micro better macro
(56:07 / All) bLinn: u ever seen Lee Jaedong? lol... G_G
(57:21 / All) JaEdOnG420: time to crack into my 401k (gold)
(57:41 / All) WarioVermicelli: thanks
(57:44 / All) WarioVermicelli: for level 3 tangle
(57:45 / All) DOGSANDHORSE.RU: thank's
(57:46 / All) bLinn: thank's
(57:50 / All) WarioVermicelli: your hill just got more "up"
(58:05 / All) bLinn: seriously why didn't you call quit when your undead friend did
(58:10 / All) bLinn: or better yet at the start of the game. lol
(58:26 / All) DOGSANDHORSE.RU: you let those towers get up, you let our win % get up (to 100, heh)
(59:58 / All) WarioVermicelli: this is the end....
(60:03 / All) WarioVermicelli: my only friend ... th ened ...
(60:04 / All) bLinn: what have i become...
(60:07 / All) DOGSANDHORSE.RU: this spells your DOOM
(60:08 / All) bLinn: my sweetest friend?
(60:20 / All) bLinn: every 1 i kno.. goes away.. in da end